 Dungeon Crawl Stone Soup version 0.16-a0-4112-g89a4107 (webtiles) character file.

191 dysrexia the Insei (level 5, -6/37 HPs)
             Began as a Merfolk Transmuter on Feb 25, 2015.
             Was a Follower of Cheibriados.
             Shot with an arrow by a centaur (13 damage)
             ... on level 4 of the Dungeon on Feb 27, 2015.
             The game lasted 00:13:05 (2668 turns).

dysrexia the Insei (Merfolk Transmuter)             Turns: 2668, Time: 00:13:05

Health: -6/37      AC:  3    Str: 13    XL:     5   Next: 70%
Magic:  9/9        EV: 13    Int: 16    God:    Cheibriados [*.....]
Gold:   160        SH:  0    Dex: 18    Spells: 2 memorised, 5 levels left

rFire  . . .     SeeInvis .       - Unarmed
rCold  . . .     Clarity  .     c - +0 robe
rNeg   . . .     SustAb   .     (no shield)
rPois  .         Gourm    .     (no helmet)
rElec  .         Spirit   .     (no cloak)
rCorr  .         Warding  .     f - +0 pair of gloves
rMut   .         Stasis   .     (no boots)
MR     .....                    (no amulet)
Stlth  ++........               (no ring)
                                (no ring)

@: very slow, not resistant to hostile enchantments, unstealthy
A: change form in water, swift swim
a: Bend Time, Renounce Religion


You were on level 4 of the Dungeon.
You worshipped Cheibriados.
Cheibriados was aware of your devotion.
You were hungry.

You visited 1 branch of the dungeon, and saw 4 of its levels.

You collected 160 gold pieces.

Inventory:

Missiles
 b - 39 arrows
 k - 19 stones (quivered)
 q - 5 curare-tipped needles
Armour
 c - a +0 robe (worn)
 f - a +0 pair of gloves (worn)
Scrolls
 h - a scroll of magic mapping
 o - a scroll of remove curse
 p - a scroll of noise {unknown}
 s - 3 scrolls of teleportation
 u - a scroll of identify {unknown}
Potions
 e - 2 potions of restore abilities {unknown}
 g - 4 potions of curing {unknown}
 j - 3 potions of heal wounds {unknown}
 l - a potion of haste {unknown}
Books
 d - a book of Changes

   Spells                             Type                      Level
   a - Beastly Appendage              Transmutation                1
   b - Sticks to Snakes               Transmutation                2
   c - Spider Form                    Transmutation/Poison         3
   d - Ice Form                       Ice/Transmutation            4
   e - Blade Hands                    Transmutation                5
Comestibles
 a - 6 bread rations
 i - 5 fruits
 m - a royal jelly
 n - a beef jerky
 t - a meat ration


   Skills:
 - Level 1.1 Fighting
 - Level 2.6 Dodging
 + Level 6.8 Unarmed Combat
 - Level 2.0 Spellcasting
 - Level 2.6 Transmutations


You had 5 spell levels left.
You knew the following spells:

 Your Spells              Type           Power        Failure   Level  Hunger
a - Beastly Appendage     Trmt           ##....       10%         1    #......
b - Sticks to Snakes      Trmt           ##........   12%         2    ###....


Dungeon Overview and Level Annotations

Branches:
Dungeon (4/15)
 Temple: D:4-7

Altars:
Cheibriados
Yredelemnul


Message History

The jelly is severely wounded.
The jelly closely misses you.
You hit the jelly.
The jelly is severely wounded.
The jelly hits you but does no damage.
You punch the jelly!
You kill the jelly!
Cheibriados thoroughly appreciates the change of pace.
You start resting.
You are feeling hungry.
Eat which item? (? for menu, Esc to quit)
Okay, then.
A centaur comes into view.
The centaur wields a shortbow.
The centaur shoots an arrow.
The arrow hits you!
The centaur shoots an arrow.
The arrow hits you.
You see here 2 arrows.
The centaur shoots an arrow.
The arrow hits you!
* * * LOW HITPOINT WARNING * * *
The centaur shoots an arrow.
The arrow hits you!
You die...

.# ##'## #.## ##...##
...# ##.....## # ##...#
#.......##
#.#.###....###.........#
...........c.+.........'
#.......# #.........#
#(.# #.......## #@##
#.....## #.# #...##
####.##########.##
#......##.. .....#
#.##.#.##.# #...#
#.##.#.##.####...####
#.##.#.##.##.........
#.##..............###
#.####.##.####...##


You could see a centaur.

Vanquished Creatures
  A jelly (D:4)
  A centaur skeleton (D:3)
  4 adders
  A giant mite (D:3)
  2 worms
  12 orcs (D:3)
  5 bats
  2 giant cockroaches (D:3)
  4 goblins
  6 hobgoblins
  3 jackals
  A quokka (D:2)
  3 giant geckos
  2 giant newts
  4 kobolds
  7 rats
58 creatures vanquished.

Vanquished Creatures (collateral kills)
  An adder (D:2)
1 creature vanquished.

Grand Total: 59 creatures vanquished

Notes
Turn   | Place    | Note
--------------------------------------------------------------
     0 | D:1      | dysrexia, the Merfolk Transmuter, began the quest for the Orb.
     0 | D:1      | Reached XP level 1. HP: 15/15 MP: 3/3
   394 | D:1      | Reached XP level 2. HP: 19/21 MP: 2/4
   444 | D:1      | Reached skill level 4 in Unarmed Combat
   662 | D:1      | Learned a level 2 spell: Sticks to Snakes
   893 | D:2      | Reached XP level 3. HP: 3/26 MP: 3/6
  1189 | D:2      | Found a snail-covered altar of Cheibriados.
  1217 | D:2      | Became a worshipper of Cheibriados the Contemplative
  1465 | D:3      | Reached skill level 5 in Unarmed Combat
  1469 | D:3      | Reached XP level 4. HP: 22/32 MP: 4/7
  1827 | D:3      | Upgraded the game from 0.16-a0-4099-g0be755f to 0.16-a0-4112-g89a4107
  2193 | D:3      | Reached skill level 6 in Unarmed Combat
  2193 | D:3      | Reached XP level 5. HP: 27/37 MP: 9/9
  2201 | D:3      | You fall through a shaft!
  2457 | D:3      | Found a basalt altar of Yredelemnul.
  2666 | D:4      | Noticed a centaur
  2668 | D:4      | Shot with an arrow by a centaur

Action                   |  1- 3 |  4- 6 || total
-------------------------+-------+-------++-------
Melee: Unarmed           |    94 |    94 ||   188
Throw: Stone             |    10 |       ||    10
 Cast: Beastly Appendage |    11 |     7 ||    18
       Sticks to Snakes  |     4 |       ||     4
  Use: Scroll            |     5 |       ||     5
 Stab: Sleeping          |       |     1 ||     1
  Eat: Chunk             |     2 |     3 ||     5
